 Dungeon Crawl Stone Soup version 0.19-b1-5-gdc9fa9d (webtiles) character file.

22 Juniper the Cudgeler (level 2, -5/29 HPs)
             Began as a Troll Berserker on Oct 31, 2016.
             Was a Follower of Trog.
             Slain by a gnoll
             ... wielding a +0 halberd
              (11 damage)
             ... on level 2 of the Dungeon.
             The game lasted 00:06:18 (650 turns).

Juniper the Cudgeler (Troll Berserker)               Turns: 650, Time: 00:06:19

Health: -5/29      AC:  5    Str: 24    XL:     2   Next: 68%
Magic:  1/1        EV: 10    Int:  3    God:    Trog [*.....]
Gold:   42         SH:  0    Dex:  9    Spells: 0 memorised, 1 level left

rFire  . . .     SeeInvis .     a - +0 mace
rCold  . . .     Gourm    +     b - +0 animal skin
rNeg   . . .     Faith    .     (no shield)
rPois  .         Spirit   .     (helmet restricted)
rElec  .         Reflect  .     (no cloak)
rCorr  .         Harm     .     (gloves unavailable)
MR     .....                    (boots unavailable)
Stlth  +.........               (no amulet)
                                (no ring)
                                (no ring)

@: no status effects
A: unfitting armour, claws 3, fast metabolism 3, gourmand, regeneration 1,
shaggy fur 1, tough skin 2
a: Berserk, Burn Spellbooks, Renounce Religion


You were on level 2 of the Dungeon.
You worshipped Trog.
Trog was aware of your devotion.
You were completely stuffed.

You visited 1 branch of the dungeon, and saw 2 of its levels.

You collected 42 gold pieces.

Inventory:

Hand Weapons
 a - a +0 mace (weapon)
Armour
 b - a +0 animal skin (worn)
Scrolls
 f - 2 scrolls of remove curse
 h - 2 scrolls of identify {unknown}
 j - a scroll of amnesia {unknown}
 k - a scroll of enchant armour {unknown}
Potions
 d - a potion of resistance {unknown}
 e - a potion of mutation {unknown}
 i - a potion of lignification {unknown}
 l - a potion of magic {unknown}
Comestibles
 c - 2 bread rations


   Skills:
 + Level 2.7 Fighting
 + Level 3.0 Maces & Flails
 + Level 2.8 Dodging


You had one spell level left.
You didn't know any spells.

Dungeon Overview and Level Annotations

Branches:
Dungeon (2/15)

Altars:
Kikubaaqudgha
Sif Muna
Xom


Innate Abilities, Weirdness & Mutations

You are too large for most types of armour.
You have claws for hands.
Your metabolism is lightning-fast.
You like to eat raw meat.
Your natural rate of healing is unusually fast.
You are covered in fur. (AC +1)
You have very tough skin. (AC +2)


Message History

A hobgoblin and a gnoll come into view.
The hobgoblin shouts!
The gnoll hits you with a spear!
You sock the gnoll!
The gnoll is severely wounded.
The gnoll hits you but does no damage. The gnoll barely misses you.
The hobgoblin barely misses you.
You barely miss the hobgoblin. The hobgoblin hits you with a club.
You hit the hobgoblin but do no damage.
The gnoll hits you from afar with a spear.
The gnoll hits you from afar with a halberd!
* * * LOW HITPOINT WARNING * * *
The hobgoblin closely misses you.
You hit the hobgoblin.
You kill the hobgoblin!
Trog accepts your kill. The gnoll misses you.
The gnoll hits you from afar with a halberd!
You die...

#.........#.##..÷...⌠....
#.###.##..#.####.........
#..)....#.#.# ##.....###
#.###..###..######.####
#.# #.## ##........# #.#
##.###)#######.# #.#
##.#.## #+# #.######..#
#.......@.# ########)##
#.########gg.####
................'.
#.###......#...##.
#.###.####+# #. #..# #
#.#.+ #.###


You could see 2 gnolls.

Vanquished Creatures
  A ball python (D:1)
  A giant cockroach (D:1)
  A goblin (D:1)
  4 hobgoblins
  5 jackals (D:2)
  A bat (D:1)
  A frilled lizard (D:1)
  3 kobolds
  3 rats (D:1)
20 creatures vanquished.

Notes
Turn   | Place    | Note
-------+----------+-------------------------------------------
     0 | D:1      | Juniper the Troll Berserker began the quest for the Orb.
     0 | D:1      | Reached XP level 1. HP: 22/22 MP: 0/0
   164 | D:1      | Reached XP level 2. HP: 29/29 MP: 1/1
   475 | D:2      | Found a shimmering altar of Xom.
   483 | D:2      | Found an ancient bone altar of Kikubaaqudgha.
   490 | D:2      | Found a deep blue altar of Sif Muna.
   583 | D:2      | Reached skill level 3 in Maces & Flails
   650 | D:2      | Slain by a gnoll

Skill      XL: |  1  2 |
---------------+-------+-----
Maces & Flails | 3 |  3.0
Fighting       | |  2.7
Dodging        | |  2.8

Action                   || total
-------------------------++-------
Melee: Mace              ||    79
  Use: Scroll            ||     3
  Eat: Chunk             ||    12
Armor: Animal skin       ||    35
Dodge: Dodged            ||    57
